 Dungeon Crawl Stone Soup version 0.17.2-1-ge4368a0 (webtiles) character file.

7677 magog001 the Basher (level 10, -1/88 HPs)
             Began as a Minotaur Fighter on Oct 7, 2016.
             Was an Initiate of Fedhas.
             Slain by a crocodile (6 damage)
             ... on level 2 of the Lair of Beasts.
             The game lasted 01:01:01 (7511 turns).

magog001 the Basher (Minotaur Fighter)              Turns: 7511, Time: 01:01:02

Health: -1/88      AC: 20    Str: 27    XL:     10   Next: 99%
Magic:  8/8        EV: 13    Int:  5    God:    Fedhas [......]
Gold:   489        SH: 13    Dex: 10    Spells: 0 memorised, 9 levels left

rFire  + . .     SeeInvis +     m - +4 flail (venom)
rCold  . . .     Clarity  .     H - +5 ring mail "Bimner" {rF+}
rNeg   + . .     SustAt   .     c - +1 shield
rPois  .         Gourm    .     (helmet restricted)
rElec  .         Spirit   .     N - +2 cloak
rCorr  .         Warding  .     G - +2 pair of gloves
rMut   .         Rnd*Tele +     n - +1 pair of boots
MR     .....                    (no amulet)
Stlth  +.........               F - ring of see invisible
                                w - ring of positive energy

@: mighty, not resistant to hostile enchantments, very unstealthy
A: retaliatory headbutt, horns 2, blurry vision 1, low mp 1, teleportitis 1,
weak 1, subdued magic 1
a: Renounce Religion


You were on level 2 of the Lair of Beasts.
You worshipped Fedhas.
Fedhas was noncommittal.
You were not hungry.

You visited 2 branches of the dungeon, and saw 10 of its levels.

You collected 489 gold pieces.

Inventory:

Hand Weapons
 a - a +0 war axe
 m - a +4 flail of venom (weapon)
 o - a +0 mace of crushing
 s - a +1 spear of piercing
 t - a +3 dagger of chaos
 E - a +0 shortbow of freezing
 I - a +0 shortbow
 J - a +2 shortbow of flaming
 S - a +2 mace of protection
Missiles
 b - 8 tomahawks (quivered)
 f - 59 sling bullets
 h - 38 poisoned needles
 x - 254 arrows
 B - 38 bolts
 C - 8 javelins
Armour
 c - a +1 shield (worn)
 n - a +1 pair of boots (worn)
 G - a +2 pair of gloves (worn)
 H - the +5 ring mail "Bimner" (worn) {rF+}
   (You found it on level 5 of the Dungeon)

   It protects you from fire.
 N - a +2 cloak (worn)
Magical Staves
 P - an uncursed staff of conjuration {unknown}
Jewellery
 w - a ring of positive energy (left hand)
 F - a ring of see invisible (right hand)
Wands
 l - a wand of digging (11)
 q - a wand of fireball (6)
 K - a wand of fire (5)
Scrolls
 g - a scroll of amnesia
 p - 2 scrolls of fog
 u - 3 scrolls of teleportation
 z - a scroll of vulnerability {unknown}
 D - 4 scrolls of remove curse
 R - a scroll of identify
 U - 3 scrolls of brand weapon {unknown}
Potions
 i - a potion of haste
 j - a potion of curing
 A - 2 potions of cancellation
 V - a potion of degeneration {unknown}
Books
 v - a book of Flames

   Spells                             Type                      Level
   a - Flame Tongue                   Conjuration/Fire             1
   b - Throw Flame                    Conjuration/Fire             2
   c - Conjure Flame                  Conjuration/Fire             3
   d - Inner Flame                    Hexes/Fire                   3
   e - Sticky Flame                   Conjuration/Fire             4
   f - Fireball                       Conjuration/Fire             5
 Q - a Young Poisoner's Handbook

   Spells                             Type                      Level
   a - Sting                          Conjuration/Poison           1
   b - Cure Poison                    Poison                       2
   c - Mephitic Cloud                 Conjuration/Poison/Air       3
   d - Olgreb's Toxic Radiance        Poison                       4
   e - Venom Bolt                     Conjuration/Poison           5
Miscellaneous
 y - a box of beasts {used: 2}
Comestibles
 e - 5 bread rations
 k - 2 slices of pizza
 r - 5 beef jerkies
 L - a meat ration
 M - 2 chunks of flesh
 O - 9 fruits


   Skills:
 + Level 7.9 Fighting
 + Level 3.3(7.9) Axes
 * Level 11.1(11.3) Maces & Flails
 - Level 0.5(2.1) Polearms
 + Level 2.1 Throwing
 + Level 8.0 Armour
 + Level 8.0 Dodging
 + Level 1.5 Stealth
 + Level 10.0 Shields


You had 9 spell levels left.
You didn't know any spells.

Dungeon Overview and Level Annotations

Branches:
Dungeon (8/15)             Temple (0/1) D:7            Lair (2/8) D:8

Altars:
Dithmenos
Elyvilon
Fedhas
Makhleb
Okawaru
Trog
Xom
The Shining One


Innate Abilities, Weirdness & Mutations

You reflexively headbutt those who attack you in melee.
You have a pair of horns on your head.
Scrolls take you a little longer to read.
Your magical capacity is low (-10% MP).
You are occasionally teleported next to monsters.
You are weak. (Str -2)
Your spells are a little easier to cast, but a little less powerful.


Message History

The eight-headed hydra bites you but does no damage.
You block the eight-headed hydra's attack.
The eight-headed hydra bites you.
* * * LOW HITPOINT WARNING * * *
Read which item? (? for menu, Esc to quit)
Really read with blurry vision while enemies are nearby?
You begin reading the scroll.
You continue reading the scroll.
You block the eight-headed hydra's attack.
The eight-headed hydra closely misses you.
The eight-headed hydra bites you but does no damage.
The eight-headed hydra bites you!
* * * LOW HITPOINT WARNING * * *
You block the eight-headed hydra's attack. x3
The eight-headed hydra bites you but does no damage.
As you read the scroll of teleportation, it crumbles to dust.
You feel strangely unstable.
Your surroundings suddenly seem different.
The crocodile bites you.
You die...
Fedhas appreciates your contribution to the ecosystem.

#####
######$..####
.......@t...# #
....#.#........
### . #
###...... ..###
.P... ##>...
....##......
P..
...#.........
##
..............
..............
..............


You could see a crocodile.

Vanquished Creatures
  A griffon (Lair:2)
  Maurice (D:8)
  Psyche (D:8)
  A spiny frog (Lair:1)
  Prince Ribbit (D:5)
  4 blink frogs (Lair:1)
  A trapdoor spider zombie (D:8)
  3 fire bats (Lair:1)
  Edmund (D:5)
  A hippogriff (Lair:2)
  5 orc warriors
  4 water moccasins
  A black bear (Lair:1)
  3 ice beasts
  5 necrophages (D:8)
  3 ogres
  4 porcupines (Lair:1)
  3 crocodiles (Lair:1)
  5 centaurs
  4 giant frogs
  4 scorpions
  A water moccasin skeleton (D:5)
  A centaur zombie (D:8)
  A crimson imp (D:8)
  5 hounds
  2 orc wizards (D:8)
  A giant frog zombie (D:5)
  2 centaur skeletons
  3 orc priests
  2 iguanas
  4 sheep (Lair:1)
  2 worker ants
  A hound zombie (D:5)
  8 gnolls
  7 adders
  6 river rats (Lair:1)
  A shadow imp (D:5)
  An adder skeleton (D:4)
  2 adder zombies
  5 worms
  6 giant geckos
  24 orcs
  2 ball pythons
  12 bats
  5 giant cockroaches
  3 hobgoblins
  8 jackals
  5 kobolds
  3 quokkas
  A giant gecko zombie (D:6)
  3 giant newts
  8 goblins
  4 rats
  A bush (D:8)
  A plant (D:8)
197 creatures vanquished.

Vanquished Creatures (collateral kills)
  A quasit (D:8)
  A quokka (D:8)
2 creatures vanquished.

Vanquished Creatures (others)
  2 river rats (Lair:1)
  A quokka (D:8)
  4 bushes (D:8)
  2 fungi
  12 plants
21 creatures vanquished.

Grand Total: 220 creatures vanquished

Notes
Turn   | Place    | Note
--------------------------------------------------------------
     0 | D:1      | magog001 the Minotaur Fighter began the quest for the Orb.
     0 | D:1      | Reached XP level 1. HP: 19/19 MP: 0/0
    33 | D:1      | Reached XP level 2. HP: 24/27 MP: 1/1
   375 | D:1      | Reached skill level 4 in Armour
   873 | D:2      | Reached XP level 3. HP: 28/33 MP: 2/2
   909 | D:2      | Reached skill level 1 in Dodging
   974 | D:2      | Reached XP level 4. HP: 36/40 MP: 3/3
  1793 | D:3      | Found a bloodstained altar of Trog.
  1836 | D:3      | Reached XP level 5. HP: 47/47 MP: 4/4
  1846 | D:3      | Reached skill level 1 in Maces & Flails
  2168 | D:4      | Reached skill level 5 in Shields
  2858 | D:4      | Reached XP level 6. HP: 50/53 MP: 5/5
  2864 | D:4      | Noticed an ogre
  2872 | D:4      | Killed an ogre
  2989 | D:5      | Entered Level 5 of the Dungeon
  3024 | D:5      | Noticed Edmund
  3033 | D:5      | Killed Edmund
  3033 | D:5      | Reached skill level 5 in Armour
  3033 | D:5      | Reached skill level 6 in Shields
  3086 | D:5      | Reached XP level 7. HP: 51/60 MP: 6/6
  3154 | D:5      | Noticed Prince Ribbit
  3499 | D:5      | Gained mutation: Your magical capacity is low (-10% MP). [potion of mutation]
  3499 | D:5      | Gained mutation: Your spells are a little easier to cast, but a little less powerful. [potion of mutation]
  3499 | D:5      | Gained mutation: You are weak. (Str -2) [potion of mutation]
  3500 | D:5      | Gained mutation: You are occasionally teleported next to monsters. [potion of mutation]
  3500 | D:5      | Gained mutation: Scrolls take you a little longer to read. [potion of mutation]
  3711 | D:5      | Killed Prince Ribbit
  3711 | D:5      | Reached skill level 5 in Fighting
  3711 | D:5      | Reached skill level 5 in Maces & Flails
  3873 | D:5      | Got an encrusted ring mail
  3895 | D:5      | Identified the +5 ring mail "Bimner" {rF+} (You found it on level 5 of the Dungeon)
  4158 | D:5      | Found a shadowy altar of Dithmenos.
  4161 | D:5      | Reached XP level 8. HP: 66/68 MP: 6/6
  4196 | D:5      | Found an iron altar of Okawaru.
  4543 | D:6      | Reached skill level 1 in Throwing
  4668 | D:6      | Found a shimmering altar of Xom.
  4830 | D:6      | Identified a scroll of acquirement
  4843 | D:7      | Found a staircase to the Ecumenical Temple.
  5017 | D:7      | Reached skill level 7 in Shields
  5511 | D:7      | Found a burning altar of Makhleb.
  5582 | D:8      | Reached XP level 9. HP: 72/75 MP: 7/7
  5584 | D:8      | Noticed Maurice
  5598 | D:8      | Killed Maurice
  5598 | D:8      | Reached skill level 8 in Maces & Flails
  5664 | D:8      | Found a staircase to the Lair.
  5708 | D:8      | Noticed Psyche
  5724 | D:8      | Killed Psyche
  5751 | D:8      | Noticed a centaur skeleton
  5765 | D:8      | Killed a centaur skeleton
  5765 | D:8      | Reached skill level 5 in Dodging
  5799 | D:8      | Reached skill level 9 in Maces & Flails
  5901 | D:8      | Reached skill level 1 in Stealth
  5908 | D:8      | Found a glowing golden altar of the Shining One.
  6088 | D:8      | Found a white marble altar of Elyvilon.
  6196 | D:8      | Reached XP level 10. HP: 84/86 MP: 8/8
  6199 | D:8      | Found a blossoming altar of Fedhas.
  6301 | D:8      | Became a worshipper of Fedhas Madash
  6435 | Lair:1   | Entered Level 1 of the Lair of Beasts
  6435 | Lair:1   | Noticed an oklob plant
  6447 | Lair:1   | Reached skill level 10 in Maces & Flails
  6507 | Lair:1   | Got an encrusted helmet
  7036 | Lair:1   | Reached skill level 11 in Maces & Flails
  7271 | Lair:2   | Noticed a griffon
  7283 | Lair:2   | Killed a griffon
  7494 | Lair:2   | Noticed an eight-headed hydra
  7501 | Lair:2   | Reached skill level 10 in Shields
  7506 | Lair:2   | HP: 4/88 [eight-headed hydra (11)]
  7511 | Lair:2   | Slain by a crocodile

Action                   |  1- 3 |  4- 6 |  7- 9 | 10-12 || total
-------------------------+-------+-------+-------+-------++-------
Melee: War axe           |    51 |       |       |       ||    51
       Spear             |    17 |    22 |       |       ||    39
       Flail             |       |   112 |   294 |   161 ||   567
Throw: Tomahawk          |       |       |    13 |    11 ||    24
Evoke: Wand              |       |       |     1 |       ||     1
       Box of beasts     |       |       |     2 |       ||     2
  Use: Potion            |       |     4 |    10 |     4 ||    18
       Scroll            |       |     4 |     6 |     8 ||    18
 Stab: Distracted        |       |       |       |     1 ||     1
  Eat: Chunk             |       |     7 |     4 |     2 ||    13
       Meat ration       |       |       |     1 |     1 ||     2
       Beef jerky        |       |       |     1 |       ||     1
